 Dungeon Crawl Stone Soup version 0.31-a0-836-g3ceb0a68c4 (webtiles) character file.

Game seed: 13170345462689394898

2662 Kurtz the Cleaver (level 9, -1/61 HPs)
             Began as an Octopode Fighter on Sept 27, 2023.
             Was a Believer of Okawaru.
             Slain by an orc
             ... wielding a +0 trident
              (4 damage)
             ... on level 7 of the Dungeon.
             The game lasted 00:06:38 (6399 turns).

Kurtz the Cleaver (Octopode Fighter)                Turns: 6399, Time: 00:06:39

Health: -1/61      AC:  1    Str: 17    XL:     9   Next: 63%
Magic:  9/11       EV: 17    Int: 10    God:    Okawaru [**....]
Gold:   236        SH:  6    Dex: 14    Spells: 8/8 levels left

rFire   . . .        a - +0 war axe
rCold   . . .        b - +0 buckler
rNeg    . . .        (helmet restricted)
rPois   .            l - amulet of the acrobat
rElec   .            (no ring)
rCorr   .            (no ring)
SInv    .            (no ring)
Will    .....        (no ring)
Stlth   ++++         (no ring)
HPRegen 0.30/turn    (no ring)
MPRegen 0.12/turn    (no ring)
                     (no ring)

%: acrobat
@: heroic
A: almost no armour, amphibious, 8 rings, camouflage 1, gelatinous body 1,
(nimble swimmer 1), tentacles
a: Renounce Religion, Heroism


You were on level 7 of the Dungeon.
You worshipped Okawaru.
Okawaru was pleased with you.
You visited 2 branches of the dungeon, and saw 8 of its levels.

You collected 236 gold pieces.

Inventory:

Hand Weapons
 a - a +0 war axe (weapon)
Missiles
 t - 3 poisoned darts
 w - 4 javelins
Armour
 b - a +0 buckler (worn)
Jewellery
 l - an amulet of the acrobat (around mantle)
 o - a ring of see invisible
 A - an amulet of guardian spirit
Wands
 r - a wand of flame (21) (quivered)
 y - a wand of iceblast (7)
Scrolls
 c - a scroll of enchant armour {unknown}
 d - a scroll of amnesia {unknown}
 e - 3 scrolls of identify {unknown}
 g - a scroll of fear {unknown}
 h - 2 scrolls of revelation {unknown}
 j - a scroll of blinking {unknown}
 m - a scroll of butterflies {unknown}
 n - 4 scrolls of teleportation {unknown}
 p - 2 scrolls of immolation {unknown}
 q - a scroll of enchant weapon {unknown}
Potions
 f - 2 potions of haste
 i - a potion of magic {unknown}
 k - 3 potions of curing
 s - a potion of enlightenment {unknown}
 u - a potion of heal wounds {unknown}
 v - a potion of invisibility {unknown}
 x - a potion of attraction
 z - a potion of degeneration {unknown}
 B - a potion of brilliance {unknown}


   Skills:
 * Level 5.4(10.4) Fighting
 * Level 10.9(15.9) Axes
 * Level 4.7(9.7) Dodging
 * Level 3.5(8.5) Shields
 * Level 3.3 Invocations


You had 8 spell levels left.
You didn't know any spells.
Your spell library contained the following spells:

 Spells                   Type           Power      Damage    Failure   Level
 Slow                     Hex            0%         N/A       41%         1
 Confusing Touch          Hex            0%         N/A       80%         3
 Sigil of Binding         Hex            0%         N/A       80%         3
 Vampiric Draining        Necr           0%         2d6       80%         3


Dungeon Overview and Level Annotations

Branches:
Dungeon (7/15)             Temple (1/1) D:5

Altars:
Ashenzari
Cheibriados
Dithmenos
Elyvilon
Fedhas
Gozag
Kikubaaqudgha
Makhleb
Okawaru
Qazlal
Ru
Sif Muna
Uskayaw
Vehumet
Xom
Yredelemnul
Zin
The Shining One

Shops:
D:1 ?:   D:4 *=(   D:5 **

Annotations:
D:5 exclusion: downstairs


Innate Abilities, Weirdness & Mutations

You cannot wear most types of armour.
You are amphibious.
You can wear up to eight rings at the same time.
Your skin changes colour to match your surroundings (Stealth+).
Your rubbery body absorbs attacks. (AC +1, EV +1)
((You are camouflaged when in or above water. (Stealth+)))
You have tentacles for arms and can constrict up to eight enemies at once.


Message History

You slash the orc wizard!
You kill the orc wizard!
Okawaru accepts your kill.
The orc hits you from afar with a +0 trident!
The orc completely misses you.
Unknown command.
You block the orc's attack.
An orc priest comes into view. It is wielding a +0 war axe.
Things that are here:
a +0 dagger; a +0 robe; an orc corpse Unknown command.
You block the orc's attack. You block the orc priest's attack.
You hit the orc priest but do no damage.
Your grab misses the orc priest. The orc closely misses you.
The orc priest hits you with a +0 war axe!
Unknown command.
You barely miss the orc priest. Your grab misses the orc priest.
Your squeeze misses the orc priest. You miss something.
The orc closely misses you. Something barely misses you.
The orc priest completely misses you.
Unknown command.
You slash the orc priest! Your grab misses the orc priest.
The orc priest is heavily wounded.
You miss something. The orc barely misses you. Something hits you.
Something shocks you. The orc completely misses you. The orc priest misses you.
Unknown command.
You gain the combat prowess of a mighty hero.
The orc hits you from afar with a +0 trident. x2
Something barely misses you.
The orc priest hits you with a +0 war axe!
* * * LOW HITPOINT WARNING * * *
You slash the orc priest!
You kill the orc priest!
Okawaru accepts your kill.
You closely miss something. You block the orc's attack. Something hits you.
* * * LOW HITPOINT WARNING * * *
Something shocks you.
* * * LOW HITPOINT WARNING * * *
The orc hits you from afar with a +0 trident.
You die...

#######
#.....#
#.###.# #.#
#######
#<###......#
#..@)o...#
#.)##o##.#
...... ...
#####>#.##..#
#.#.# ..# ...
. ... ... ##
.#. ... ..


You could see 2 orcs.

Vanquished Creatures
  3 vampire mosquitoes (D:5)
  2 black bears
  2 ice beasts (D:5)
  4 ogres
  6 centaurs (D:6)
  2 phantoms
  A scorpion (D:6)
  2 bullfrogs
  A howler monkey (D:5)
  2 hounds (D:6)
  A gnoll bouda (D:2)
  3 sleepcaps
  3 orc priests
  6 orc wizards
  Natasha (D:2)
  5 iguanas
  Terence (D:2)
  4 gnolls
  5 adders
  2 white imps
  2 worms (D:3)
  2 dart slugs
  11 orcs
  3 bats
  5 endoplasms
  3 giant cockroaches
  5 goblins
  7 hobgoblins
  4 jackals (D:3)
  7 quokkas
  6 ball pythons
  2 frilled lizards
  9 kobolds
  5 rats
127 creatures vanquished.

Notes
Turn   | Place    | Note
-------+----------+-------------------------------------------
     0 | D:1      | Kurtz the Octopode Fighter began the quest for the Orb.
     0 | D:1      | Reached XP level 1. HP: 16/16 MP: 1/1
    68 | D:1      | Found Seleetoe's Book Emporium.
   247 | D:1      | Reached XP level 2. HP: 19/21 MP: 2/2
   482 | D:1      | Reached skill level 3 in Axes
   842 | D:1      | Found Qiwn's Magic Scroll Shoppe.
  1069 | D:2      | Found a hide-covered altar of Uskayaw.
  1087 | D:2      | Reached XP level 3. HP: 26/26 MP: 3/3
  1133 | D:2      | Noticed Terence
  1139 | D:2      | Killed Terence
  1207 | D:2      | Reached skill level 4 in Axes
  1416 | D:2      | Reached XP level 4. HP: 31/31 MP: 4/4
  1663 | D:2      | Noticed Natasha
  1667 | D:2      | Killed Natasha
  1688 | D:2      | Reached skill level 5 in Axes
  1688 | D:2      | Reached XP level 5. HP: 3/36 MP: 5/5
  1993 | D:3      | Found a blossoming altar of Fedhas.
  1999 | D:3      | Noticed an ogre
  2009 | D:3      | Killed an ogre
  2010 | D:3      | Reached skill level 6 in Axes
  2060 | D:3      | Reached XP level 6. HP: 37/42 MP: 6/6
  2209 | D:3      | Noticed a black bear
  2216 | D:3      | Killed a black bear
  2359 | D:5      | Entered Level 5 of the Dungeon
  2466 | D:5      | Reached skill level 7 in Axes
  2466 | D:5      | Reached XP level 7. HP: 46/46 MP: 7/7
  2882 | D:5      | Reached skill level 8 in Axes
  2964 | D:5      | Found a staircase to the Ecumenical Temple.
  2972 | Temple   | Entered the Ecumenical Temple
  2993 | Temple   | Became a worshipper of Warmaster Okawaru
  3016 | D:5      | Found Loged's General Store.
  3986 | D:4      | Reached XP level 8. HP: 16/52 MP: 8/8
  4186 | D:4      | Found Peap's Weapon Boutique.
  4252 | D:4      | Found Kauz's Assorted Antiques.
  4275 | D:4      | Found Lotuocoj's Jewellery Shoppe.
  4387 | D:4      | Reached skill level 1 in Invocations
  4670 | D:5      | Reached skill level 9 in Axes
  4769 | D:5      | Reached * piety under Okawaru
  4964 | D:5      | Found Videgimu's Fire Supplies.
  5020 | D:5      | Reached skill level 10 in Axes
  5634 | D:6      | Reached XP level 9. HP: 45/59 MP: 10/10
  5712 | D:6      | Reached ** piety under Okawaru
  5713 | D:6      | Reached skill level 5 in Fighting
  5903 | D:6      | Found a snail-covered altar of Cheibriados.
  5944 | D:6      | Found a radiant altar of Vehumet.
  6399 | D:7      | HP: 3/61 [something (5)]
  6399 | D:7      | Slain by an orc

Illustrated notes

Levels and vault maps discovered:
D:1:      wander_arrival_fairy_ring, layout_basic, serial_shops,
          nicolae_shop_pleasant_corner_grove, nicolae_shop_trees,
          minmay_stone_trees_small, minmay_tetromino_l2
D:2:      layout_basic, basic_altar, uniq_terence, uniq_natasha
D:3:      layout_rooms, mainiacjoe_overflow_paths, serial_glass,
          glass_columns_a, glass_columns_b, glass_columns_b, glass_columns_a,
          glass_columns_a
D:4:      layout_gridville, serial_shops, shop, shop, shop, hex_medium
D:5:      layout_loops_corners, minmay_temple_entry_statues_pillars,
          serial_shops, shop, nicolae_shop_fire_sale [nicolae_sub_dead_trees],
          grunt_decor_mini_mirrors
D:6:      layout_basic, mainiacjoe_overflow_catch_the_wave,
          ebering_ghost_disaster_area, st_stairs_11, nrook_mini_vaults,
          centaur_isle
D:7:      layout_loops_cross, nemelex_spade_bored_becter
Temple:   hellmonk_temple_of_storms

Skill      XL: |  1  2  3  4  5  6  7  8  9 |
---------------+----------------------------+-----
Axes           | 3 4 5 6 7 8 10 | 10.9
Invocations    | 2 3 |  3.3
Fighting       | 4 5 |  5.4
Dodging        | 4 |  4.7
Shields        | |  3.5

Action                     |  1- 3 |  4- 6 |  7- 9 || total
---------------------------+-------+-------+-------++-------
  Melee: War axe           |    41 |    66 |   183 ||   290
         Tentacles         |     9 |    13 |    45 ||    67
         Constrict         |     8 |    10 |    39 ||    57
         Punch             |       |       |     5 ||     5
  Throw: Dart              |       |       |     3 ||     3
 Invoke: Heroism           |       |       |     3 ||     3
  Evoke: Wand              |       |       |    24 ||    24
    Use: Potion            |       |     4 |       ||     4
   Stab: Sleeping          |     6 |     3 |     6 ||    15
         Distracted        |       |       |     1 ||     1
 Armour: Skin              |    12 |    39 |    95 ||   146
  Dodge: Dodged            |    21 |    44 |   160 ||   225
  Block: Buckler           |     8 |     8 |    44 ||    60

Table legend: (Time is in decaauts)
 A = Elapsed time spent in this place.
 B = Non-inter-level travel time spent in this place.
 C = Inter-level travel time spent in this place.
 D = Time resting spent in this place.
 E = Time spent auto-exploring this place.
 F = Levels seen in this place.
 G = Mean time per level.
                   A        B        C        D        E       F      G
               +--------+--------+--------+--------+--------+-----+--------+
         Total |   6428 |   6140 |    288 |   1889 |   3259 |   8 |  803.5 |
       Dungeon |   6385 |   6138 |    247 |   1889 |   3259 |   7 |  912.1 |
        Temple |     42 |      1 |     41 |      0 |      0 |   1 |   42.0 |
               +--------+--------+--------+--------+--------+-----+--------+

Top non-repeatable levels by time:
     D:5: 1712 daAuts
     D:2: 1221 daAuts
     D:1: 1075 daAuts
     D:3: 910 daAuts
     D:4: 690 daAuts
     D:6: 632 daAuts
     D:7: 142 daAuts
  Temple: 42 daAuts
